 Dungeon Crawl Stone Soup version 0.22-a0-301-gf0fe05c (webtiles) character file.

452 Gildeon the Cudgeler (level 7, -8/44 HPs)
             Began as a Gargoyle Fighter on Mar 26, 2018.
             Mangled by an ogre
             ... wielding a +0 giant spiked club
              (18 damage)
             ... on level 3 of the Dungeon.
             The game lasted 00:16:00 (3484 turns).

Gildeon the Cudgeler (Gargoyle Fighter)             Turns: 3484, Time: 00:16:00

Health: -8/44      AC: 15    Str: 20    XL:     7   Next: 4%
Magic:  7/7        EV:  5    Int: 10    God:
Gold:   178        SH:  9    Dex: 13    Spells: 6/6 levels left

rFire    + . .     SeeInvis .   a - +0 flail
rCold    . . .     Gourm    .   c - +0 shield
rNeg     + . .     Faith    .   i - +0 chain mail
rPois    ∞         Spirit   .   (no helmet)
rElec    +         Reflect  .   (no cloak)
rCorr    .         Harm     .   l - +0 pair of gloves
MR       .....                  (no boots)
Stlth    ..........             (no amulet)
HPRegen  0.14/turn              (no ring)
MPRegen  0.10/turn              (no ring)

@: flying
A: agile 1, clever 1, fire resistance 1, negative energy resistance 1,
electricity resistance, unbreathing, petrification resistance, rot immunity, AC
+4
a: no special abilities


You were on level 3 of the Dungeon.
You were not hungry.

You visited 1 branch of the dungeon, and saw 4 of its levels.

You collected 178 gold pieces.

Inventory:

Hand Weapons
 a - a +0 flail (weapon)
Missiles
 h - 121 stones (quivered)
Armour
 b - a +0 scale mail
 c - a +0 shield (worn)
 i - a +0 chain mail (worn)
 l - a +0 pair of gloves (worn)
Wands
 j - a wand of paralysis (13)
Scrolls
 d - 3 scrolls of remove curse
 e - a scroll of fear
 k - a scroll of teleportation
Comestibles
 f - 8 rations


   Skills:
 - Level 5.5 Fighting
 - Level 5.7 Maces & Flails
 + Level 4.0 Armour
 - Level 3.2 Shields


You had 6 spell levels left.
You didn't know any spells.

Dungeon Overview and Level Annotations

Branches:
Dungeon (4/15)
 Temple: D:4-7

Altars:
Gozag
Hepliaklqana

Annotations:
D:4 Eustachio


Innate Abilities, Weirdness & Mutations

You are resistant to torment.
Your stone body is resilient. (AC +4)
You are immune to poison.
You resist negative energy. (rN+)
You are resistant to electric shocks. (rElec)
You can survive without breathing.
You are immune to petrification.
You are immune to rotting.
You are agile. (Dex +2)
Your mind is acute. (Int +2)
Your flesh is heat resistant. (rF+)


Message History

You climb upwards.
There is a stone staircase leading down here.
Unknown command.
It was a potion of flight.
You feel very buoyant.
You fly up into the air.
You block the ogre's attack. The goblin barely misses you.
You thump the ogre!
The ogre is heavily wounded.
The ogre hits you with a giant spiked club!
* * * LOW HITPOINT WARNING * * *
The goblin hits you but does no damage.
You thump the ogre!
The ogre is almost dead.
The goblin barely misses you. You block the ogre's attack.
You hit the ogre.
The ogre is almost dead.
You block the goblin's attack.
The ogre hits you with a giant spiked club!!
You die...

#############
##.....#.....##
##.............##
#...............#
#...............#
#...............#
#...............####
#.....O.g.......#..# #
#......@........#..## #
##..............#...# #
##.............÷.#.# #
######.###.###..#.####
#...##..# ##.#.##>.
#.##....####.......
###.....###..........
#####...........####.....
#.....###..###### #.....


You could see an ogre and a goblin.

Vanquished Creatures
  Sigmund (D:2)
  2 orc priests (D:3)
  2 orc wizards
  7 adders
  3 oozes
  4 worms
  A dart slug (D:3)
  2 leopard geckos
  10 orcs
  8 bats
  2 giant cockroaches (D:2)
  8 goblins
  7 hobgoblins
  8 jackals
  9 kobolds
  7 frilled lizards
  12 rats
93 creatures vanquished.

Notes
Turn   | Place    | Note
-------+----------+-------------------------------------------
     0 | D:1      | Gildeon the Gargoyle Fighter began the quest for the Orb.
     0 | D:1      | Reached XP level 1. HP: 14/14 MP: 1/1
   112 | D:2      | Found an opulent altar of Gozag.
   159 | D:1      | Reached XP level 2. HP: 14/19 MP: 2/2
  1073 | D:2      | Reached XP level 3. HP: 17/23 MP: 3/3
  1255 | D:2      | Noticed Sigmund
  1280 | D:2      | Killed Sigmund
  1280 | D:2      | Reached skill level 5 in Maces & Flails
  1280 | D:2      | Reached XP level 4. HP: 19/28 MP: 4/4
  1280 | D:2      | Reached XP level 5. HP: 22/32 MP: 5/5
  1379 | D:2      | Gained mutation: You have large cloven feet. [potion of mutation]
  1379 | D:2      | Gained mutation: Your flesh is heat resistant. (rF+) [potion of mutation]
  1380 | D:2      | Lost mutation: You have large cloven feet. [potion of mutation]
  1380 | D:2      | Gained mutation: Your mind is acute. (Int +2) [potion of mutation]
  1380 | D:2      | Gained mutation: You are frail. (-10% HP) [potion of mutation]
  1380 | D:2      | Lost mutation: You are frail. (-10% HP) [potion of mutation]
  1380 | D:2      | Gained mutation: You are agile. (Dex +2) [potion of mutation]
  1523 | D:2      | Reached XP level 6. HP: 34/38 MP: 6/6
  1942 | D:2      | Found an opulent altar of Gozag.
  2622 | D:3      | Reached skill level 5 in Fighting
  2795 | D:4      | Noticed Eustachio
  3105 | D:3      | Reached XP level 7. HP: 44/44 MP: 7/7
  3354 | D:3      | Found a hazy altar of Hepliaklqana.
  3484 | D:3      | Mangled by an ogre

Vault maps used:
D:1:      minmay_arrival_three_doors
D:2:      nicolae_gozag_seed_capital, minmay_hexomino_r4, uniq_sigmund
D:3:      lemuel_crystal_altar, first_ration
D:4:      kennysheep_the_goblin_king, minitemple, lemuel_crystal_altar,
          uniq_eustachio

Skill      XL: |  1  2  3  4  5  6  7 |
---------------+----------------------+-----
Maces & Flails | 3 5 |  5.7
Fighting       | 5 |  5.5
Armour         | 4 |  4.0
Shields        | |  3.2

Action                   |  1- 3 |  4- 6 |  7- 9 || total
-------------------------+-------+-------+-------++-------
Melee: Flail             |    87 |   241 |    34 ||   362
  Use: Scroll            |     2 |     7 |       ||     9
       Potion            |     1 |     7 |     1 ||     9
  Eat: Chunk             |     1 |     7 |     1 ||     9
Armor: Scale mail        |    63 |   212 |       ||   275
       Chain mail        |       |       |    28 ||    28
Dodge: Dodged            |    39 |   116 |     9 ||   164
Block: Shield            |    68 |   208 |    30 ||   306

Table legend:
 A = Spawn XP
 B = Non-spawn XP
 C = Spawn XP percentage of total XP
 D = Spawn monster count
 E = Non-spawn monster count
 F = Spawn count percentage of total count
 G = Total turns spent on level
                    A         B        C        D         E        F      G
               +---------+---------+-------+---------+---------+-------+---------
         Total |       0 |     646 |   0.0 |       0 |      93 |   0.0 |  3484
               +---------+---------+-------+---------+---------+-------+---------
           D:1 |       0 |      26 |   0.0 |       0 |      16 |   0.0 |  1049
           D:2 |       0 |     422 |   0.0 |       0 |      53 |   0.0 |  1550
           D:3 |       0 |     198 |   0.0 |       0 |      24 |   0.0 |   876
               +---------+---------+-------+---------+---------+-------+---------
